 Dungeon Crawl Stone Soup version 0.26-a0-1132-ge9770dfcb6 (webtiles) character file.

Game seed: 9207598166272679841

2131 tatocazan the Cleaver (level 9, 0/75 HPs)
             Began as a Minotaur Fighter on Dec 19, 2020.
             Was a Believer of Uskayaw.
             Succumbed to a gnoll's poison
             ... on level 5 of the Dungeon.
             The game lasted 00:08:28 (5478 turns).

tatocazan the Cleaver (Minotaur Fighter)            Turns: 5478, Time: 00:08:29

Health: 0/75       AC: 11    Str: 23    XL:     9   Next: 9%
Magic:  2/8        EV:  7    Int:  5    God:    Uskayaw [**....]
Gold:   152        SH: 10    Dex: 11    Spells: 8/8 levels left

rFire    . . .     SeeInvis .   a - +0 war axe
rCold    . . .     Faith    .   c - +0 kite shield
rNeg     . . .     Spirit   +   d - +0 chain mail
rPois    .         Reflect  .   (helmet restricted)
rElec    .         Harm     .   (no cloak)
rCorr    .         Rampage  .   (no gloves)
Will     .....                  n - +0 pair of boots
Stlth    ..........             u - amulet of guardian spirit
HPRegen  0.22/turn              (no ring)
MPRegen  0.11/turn              (no ring)

@: lethally poisoned (0 -> -30), flying
A: retaliatory headbutt, horns 2
a: Renounce Religion, Stomp, Line Pass


You were on level 5 of the Dungeon.
You worshipped Uskayaw.
Uskayaw was noncommittal.
You visited 1 branch of the dungeon, and saw 5 of its levels.

You collected 257 gold pieces.
You spent 105 gold pieces at shops.

Inventory:

Hand Weapons
 a - a +0 war axe (weapon)
Missiles
 r - 2 silver boomerangs (quivered)
Armour
 b - a +0 scale mail
 c - a +0 kite shield (worn)
 d - a +0 chain mail (worn)
 n - a +0 pair of boots (worn)
Jewellery
 u - an amulet of guardian spirit (around neck)
Wands
 f - a wand of iceblast (2)
 j - a wand of polymorph (5)
 q - a wand of random effects (21)
Scrolls
 e - 2 scrolls of teleportation
 g - 7 scrolls of identify
 i - a scroll of amnesia
 k - a scroll of blinking
 l - a scroll of enchant weapon {unknown}
 o - 3 scrolls of fear {unknown}
 p - a scroll of random uselessness {unknown}
 t - a scroll of magic mapping {unknown}


   Skills:
 + Level 5.7 Fighting
 * Level 10.6 Axes
 + Level 0.6 Throwing
 + Level 6.8 Armour
 + Level 3.1 Dodging
 + Level 1.0 Stealth
 + Level 6.2 Shields


You had 8 spell levels left.
You didn't know any spells.
Your spell library contained the following spells:

 Spells                   Type           Power        Failure   Level
 Corona                   Hex            0%           100%        1
 Ensorcelled Hibernation  Hex/Ice        0%           100%        2
 Confusing Touch          Hex            0%           100%        3
 Dazzling Flash           Conj/Hex       0%           100%        3
 Tukima's Dance           Hex            0%           100%        3


Dungeon Overview and Level Annotations

Branches:
Dungeon (5/15)             Temple (0/1) D:5

Altars:
Makhleb
Uskayaw
Wu Jian
The Shining One

Shops:
D:5 *

Annotations:
D:3 2 transporters
D:5 1 transporter, Hector's ghost, novice SpWr


Innate Abilities, Weirdness & Mutations

You reflexively headbutt those who attack you in melee.
You have a pair of horns on your head.


Message History

The gnoll sergeant is no longer sharing its pain.
The gnoll is no longer sharing its pain.
The gnoll hits you with a +1 spear of venom.
* * * LOW HITPOINT WARNING * * *
You are more poisoned.
You block the gnoll's attack.
You don't have enough magic at the moment.
Your shield and chain mail prevent you from hitting the gnoll.
The gnoll is moderately wounded.
Your surroundings suddenly seem different.
* * * LOW HITPOINT WARNING * * *
You feel very sick.
* * * LOW HITPOINT WARNING * * *
You feel very sick.
You aren't carrying any potions.
* * * LOW HITPOINT WARNING * * *
You feel very sick.
* * * LOW HITPOINT WARNING * * *
You feel very sick.
You die...

≈≈≈≈≈≈...≈≈≈≈≈≈≈≈≈≈≈.##
≈≈≈≈≈≈...≈≈≈≈≈≈≈≈≈≈≈..######
...........................#
.....................####..#
.....................####.##
....................##....#
...................###.#######
.###................##.......#
.............#..@>..##.......#
###..#.......##..............#
##...#........##<.<..........#
#>.#.....####.##.............#
#.###.#.....#.#..............#
..###.#.###................>.#
.###..#.#
##.......###.......##
.###.##.# #..##.....#........#
.##..##.# #[.####.#..........#


There were no monsters in sight!

Vanquished Creatures
  Pikel (D:4)
  Grinder (D:4)
  Menkaure (D:5)
  Duvessa (D:4)
  An ogre (D:5)
  A lemure (D:4)
  A bullfrog (D:4)
  4 scorpions
  Dowan (D:4)
  3 killer bees (D:3)
  A howler monkey (D:4)
  A hound (D:5)
  A jelly (D:5)
  A gnoll shaman (D:5)
  An orc priest (D:4)
  5 orc wizards
  A bullfrog skeleton (D:5)
  An iguana (D:4)
  2 worker ants (D:5)
  Ijyb (D:3)
  Natasha (thrice) (D:3)
  Robin (D:3)
  4 gnolls (D:5)
  7 adders
  A white imp (D:5)
  An ufetubus (D:5)
  An ooze (D:2)
  5 worms
  5 dart slugs (D:1)
  3 leopard geckos
  16 orcs
  9 bats
  7 giant cockroaches
  10 goblins
  13 hobgoblins
  8 jackals
  2 quokkas
  2 ball pythons
  5 frilled lizards
  6 kobolds
  A quokka skeleton (D:4)
  3 rats
143 creatures vanquished.

Vanquished Creatures (others)
  6 plants (D:5)
6 creatures vanquished.

Grand Total: 149 creatures vanquished

Notes
Turn   | Place    | Note
-------+----------+-------------------------------------------
     0 | D:1      | tatocazan the Minotaur Fighter began the quest for the Orb.
     0 | D:1      | Reached XP level 1. HP: 19/19 MP: 0/0
   185 | D:1      | Reached XP level 2. HP: 23/27 MP: 1/1
   294 | D:1      | Reached XP level 3. HP: 19/33 MP: 2/2
   505 | D:1      | Reached skill level 3 in Axes
   623 | D:2      | Found an ornate altar of the Wu Jian Council.
   706 | D:2      | Reached skill level 1 in Dodging
   762 | D:2      | Reached XP level 4. HP: 26/40 MP: 3/3
   850 | D:2      | Reached skill level 4 in Axes
   928 | D:2      | Reached XP level 5. HP: 35/46 MP: 4/4
  1064 | D:2      | Found a glowing golden altar of the Shining One.
  1313 | D:3      | Noticed Robin
  1321 | D:3      | Killed Robin
  1330 | D:3      | Noticed Ijyb
  1338 | D:3      | Killed Ijyb
  1339 | D:3      | Reached skill level 5 in Axes
  1732 | D:3      | Found a transporter.
  1849 | D:3      | Reached XP level 6. HP: 53/53 MP: 5/5
  1892 | D:3      | Found a faded altar of an unknown god.
  1901 | D:3      | Noticed Natasha
  1903 | D:3      | Killed Natasha
  1904 | D:3      | Reached skill level 6 in Axes
  1911 | D:3      | Found a transporter.
  1973 | D:3      | Noticed Natasha
  1983 | D:3      | Killed Natasha
  2117 | D:3      | Reached skill level 7 in Axes
  2463 | D:3      | Reached XP level 7. HP: 32/60 MP: 3/6
  2651 | D:3      | Reached skill level 5 in Shields
  3193 | D:3      | Noticed Natasha
  3206 | D:3      | Killed Natasha
  3251 | D:4      | Found a hide-covered altar of Uskayaw.
  3251 | D:4      | Noticed a +0 dagger
  3251 | D:4      | Noticed a +0 hand axe
  3270 | D:4      | Became a worshipper of Uskayaw the Reveller
  3273 | D:4      | Reached * piety under Uskayaw
  3335 | D:4      | Reached ** piety under Uskayaw
  3400 | D:4      | Reached skill level 5 in Armour
  3464 | D:4      | Noticed Pikel
  3483 | D:4      | Reached *** piety under Uskayaw
  3484 | D:4      | Killed Pikel
  3484 | D:4      | Reached **** piety under Uskayaw
  3485 | D:4      | Reached skill level 5 in Fighting
  3485 | D:4      | Reached skill level 8 in Axes
  3485 | D:4      | Reached XP level 8. HP: 57/68 MP: 5/7
  3608 | D:4      | Noticed Grinder
  3614 | D:4      | Paralysed by Grinder for 7 turns
  3626 | D:4      | Paralysed by Grinder for 3 turns
  3632 | D:4      | Paralysed by Grinder for 5 turns
  3638 | D:4      | Killed Grinder
  3639 | D:4      | Reached skill level 9 in Axes
  3978 | D:4      | Noticed Dowan
  3978 | D:4      | Noticed Duvessa
  3984 | D:4      | Killed Dowan
  3998 | D:4      | Killed Duvessa
  4561 | D:5      | Entered Level 5 of the Dungeon
  4613 | D:5      | Noticed Hector's ghost (novice SpWr)
  4811 | D:5      | Noticed Menkaure
  4818 | D:5      | Killed Menkaure
  4819 | D:5      | Reached skill level 10 in Axes
  4819 | D:5      | Reached skill level 1 in Stealth
  5111 | D:5      | Found a burning altar of Makhleb.
  5123 | D:5      | Reached XP level 9. HP: 50/74 MP: 6/8
  5298 | D:5      | Found a transporter.
  5299 | D:5      | Found a transporter.
  5334 | D:5      | Found Cudilisch's General Store.
  5340 | D:5      | Bought a scroll of blinking for 105 gold pieces
  5404 | D:5      | Found a staircase to the Ecumenical Temple.
  5477 | D:5      | HP: 3/75 [poisoned by a gnoll]
  5478 | D:5      | Succumbed to a gnoll's poison

Illustrated notes

Levels and vault maps discovered:
D:1:      zelgadis_glass_arrival_large, layout_rooms, palyth_stone_intersect
D:2:      layout_rooms, nicolae_tso_carved_into_rock, overflow_temple_1_default
D:3:      gammafunk_steamed_eel, layout_basic,
          chequers_ecumenical_altar_simple_redux, uniq_natasha, uniq_robin,
          uniq_ijyb
D:4:      layout_basic, dancing_weapons_uskayaw, uniq_duvessa, uniq_grinder,
          uniq_pikel
D:5:      layout_rooms, lightli_temple_of_fire, minmay_temple_entry_poolview,
          gammafunk_ghost_gnarly_gnolls, kennysheep_windowed_goal, uniq_menkaure

Skill      XL: |  1  2  3  4  5  6  7  8 |
---------------+-------------------------+-----
Armour         | 4 6 |  6.8
Shields        | 4 5 6 |  6.2
Fighting       | 4 5 |  5.7
Axes           | 3 4 5 7 8 10 | 10.6
Dodging        | 1 2 3 |  3.1
Stealth        | 1 |  1.0
Throwing       | |  0.6

Action                   |  1- 3 |  4- 6 |  7- 9 || total
-------------------------+-------+-------+-------++-------
Melee: War axe           |    82 |   158 |   170 ||   410
       Headbutt          |    19 |    19 |    32 ||    70
Throw: Boomerang         |       |     2 |     4 ||     6
Invok: Stomp             |       |       |     1 ||     1
Evoke: Wand              |       |       |     1 ||     1
  Use: Potion            |       |       |     8 ||     8
       Scroll            |       |       |     4 ||     4
 Stab: Paralysed         |       |       |     5 ||     5
Armor: Scale mail        |    43 |    62 |    23 ||   128
       Chain mail        |       |       |    29 ||    29
Dodge: Dodged            |    32 |    51 |    54 ||   137
Block: Kite shield       |    45 |   104 |   110 ||   259

Table legend: (Time is in decaauts)
 A = Elapsed time spent in this place.
 B = Non-inter-level travel time spent in this place.
 C = Inter-level travel time spent in this place.
 D = Time resting spent in this place.
 E = Time spent auto-exploring this place.
 F = Levels seen in this place.
 G = Mean time per level.
                   A        B        C        D        E       F      G
               +--------+--------+--------+--------+--------+-----+--------+
         Total |   5608 |   5513 |     95 |   2177 |   2427 |   5 | 1121.6 |
       Dungeon |   5608 |   5513 |     95 |   2177 |   2427 |   5 | 1121.6 |
               +--------+--------+--------+--------+--------+-----+--------+

Top non-repeatable levels by time:
     D:3: 1975 daAuts
     D:4: 1378 daAuts
     D:5: 923 daAuts
     D:2: 715 daAuts
     D:1: 615 daAuts
